[ AOE2 MATCH · #469021069 ]
Team RMMuisca vs Britons
[ REPLAY ANALYSIS · EXTRACTED FROM THE RECORDED GAME ]
Feudal
9:17
Castle
28:32
Imperial
61:27
| APM avg | 46.8 |
| APM peak | 106 |
| eAPM avg | 19.1 |
| Villagers / military | 184 / 202 |
Focus
⚔️ 37.2% · 🌾 62.8%
Archer ×154 · Skirmisher ×45 · Unknown (2562) ×20 · Monk ×2 · Spearman ×1
Feudal
10:43
Castle
37:44
Imperial
—
| APM avg | 32.9 |
| APM peak | 71 |
| eAPM avg | 19.4 |
| Villagers / military | 144 / 254 |
Focus
⚔️ 22.0% · 🌾 78.0%
Skirmisher ×226 · Archer ×27 · Spearman ×1
Feudal
9:19
Castle
21:37
Imperial
41:45
| APM avg | 36.5 |
| APM peak | 85 |
| eAPM avg | 18.4 |
| Villagers / military | 244 / 370 |
Focus
⚔️ 39.0% · 🌾 61.0%
Knight ×233 · Archer ×108 · Camel Scout ×19 · Scout Cavalry ×8 · Trebuchet (Packed) ×2
Feudal
9:43
Castle
24:17
Imperial
36:46
| APM avg | 46.1 |
| APM peak | 94 |
| eAPM avg | 28.7 |
| Villagers / military | 177 / 368 |
Focus
⚔️ 46.3% · 🌾 53.7%
Spearman ×204 · Archer ×74 · Battering Ram ×50 · Keshik ×21 · Militia ×8 · Scout Cavalry ×6
Feudal
9:50
Castle
25:14
Imperial
46:34
| APM avg | 41.2 |
| APM peak | 89 |
| eAPM avg | 17.5 |
| Villagers / military | 114 / 516 |
Focus
⚔️ 36.4% · 🌾 63.6%
Spearman ×255 · Archer ×249 · Battering Ram ×7 · Scorpion ×3 · Bombard Cannon ×2
Feudal
8:59
Castle
26:03
Imperial
49:23
| APM avg | 67.4 |
| APM peak | 119 |
| eAPM avg | 34.8 |
| Villagers / military | 173 / 297 |
Focus
⚔️ 32.2% · 🌾 67.8%
Knight ×114 · Spearman ×89 · Scout Cavalry ×78 · Skirmisher ×9 · Monk ×5 · Militia ×2
Feudal
11:36
Castle
23:36
Imperial
—
| APM avg | 29.9 |
| APM peak | 104 |
| eAPM avg | 16.1 |
| Villagers / military | 148 / 119 |
Focus
⚔️ 30.9% · 🌾 69.1%
Spearman ×58 · Knight ×50 · Scout Cavalry ×5 · Mangonel ×3 · Scorpion ×3
Feudal
9:47
Castle
23:54
Imperial
45:05
| APM avg | 53.1 |
| APM peak | 82 |
| eAPM avg | 27.6 |
| Villagers / military | 143 / 462 |
Focus
⚔️ 44.3% · 🌾 55.7%
Knight ×350 · Scout Cavalry ×78 · Militia ×23 · Spearman ×7 · Monk ×3 · Trebuchet (Packed) ×1
Match map
Initial resources + every placement click. Lines = walls · curves = elevation contours. ◆ gold · ⬟ stone · ● berries · ✦ relic · ◌ wall gap
Inputs per minute
— [Slowhand] Jose023 - - CMD_Papi Shulo 🌶
Build order — [Slowhand] Jose023
First 150 of 576 actions detected
| 0:01 | Create | Villager (Male) |
| 0:03 | Create | Villager (Male) |
| 0:06 | Build | House |
| 0:07 | Build | House |
| 0:09 | Create | Villager (Male) |
| 0:10 | Create | Villager (Male) |
| 1:32 | Create | Villager (Male) |
| 1:33 | Create | Villager (Male) |
| 2:04 | Create | Villager (Male) |
| 2:07 | Build | Settlement |
| 2:21 | Create | Villager (Male) |
| 2:55 | Create | Villager (Male) |
| 2:55 | Create | Villager (Male) |
| 3:16 | Create | Villager (Male) |
| 3:31 | Create | Villager (Male) |
| 4:02 | Create | Villager (Male) |
| 4:04 | Create | Villager (Male) |
| 4:31 | Create | Villager (Male) |
| 4:33 | Create | Villager (Male) |
| 5:41 | Create | Villager (Male) |
| 6:00 | Create | Villager (Male) |
| 6:14 | Research | Loom |
| 6:27 | Build | Barracks |
| 6:57 | Research | Feudal Age |
| 7:22 | Build | House |
| 7:42 | Build | Settlement |
| 7:43 | Create | Villager (Male) |
| 7:45 | Build | House |
| 8:34 | Create | Villager (Male) |
| 9:17 | Age | Feudal Age |
| 9:21 | Build | Archery Range |
| 9:23 | Build | Archery Range |
| 9:33 | Research | Double-Bit Axe |
| 9:43 | Create | Villager (Male) |
| 9:51 | Build | Farm |
| 10:17 | Create | Archer |
| 10:18 | Create | Archer |
| 10:40 | Create | Villager (Male) |
| 10:43 | Create | Villager (Male) |
| 10:47 | Build | Farm |
| 10:48 | Build | Farm |
| 10:52 | Create | Villager (Male) |
| 10:58 | Create | Archer |
| 11:13 | Create | Archer |
| 11:30 | Build | Blacksmith |
| 11:42 | Create | Villager (Male) |
| 11:44 | Create | Archer |
| 11:58 | Create | Archer |
| 12:06 | Create | Spearman |
| 12:23 | Create | Villager (Male) |
| 12:29 | Create | Archer |
| 12:39 | Build | House |
| 12:42 | Create | Villager (Male) |
| 12:44 | Research | Fletching |
| 12:57 | Build | House |
| 13:04 | Research | Town Watch |
| 13:08 | Research | Padded Archer Armor |
| 13:20 | Create | Villager (Male) |
| 13:27 | Build | Farm |
| 13:29 | Build | Farm |
| 13:30 | Create | Archer |
| 13:39 | Build | Palisade Wall |
| 13:49 | Create | Archer |
| 13:56 | Create | Archer |
| 13:56 | Create | Archer |
| 14:01 | Create | Archer |
| 14:05 | Create | Archer |
| 14:06 | Create | Villager (Male) |
| 14:11 | Build | House |
| 14:19 | Create | Archer |
| 14:35 | Create | Villager (Male) |
| 15:22 | Build | Farm |
| 15:32 | Build | Watch Tower |
| 15:34 | Create | Archer |
| 15:35 | Create | Skirmisher |
| 15:35 | Create | Skirmisher |
| 15:35 | Create | Skirmisher |
| 15:39 | Create | Archer |
| 15:44 | Create | Archer |
| 16:10 | Create | Archer |
| 16:28 | Create | Archer |
| 16:56 | Build | Palisade Wall |
| 16:59 | Build | Farm |
| 17:07 | Create | Archer |
| 17:10 | Create | Skirmisher |
| 17:10 | Create | Skirmisher |
| 17:25 | Create | Villager (Male) |
| 17:49 | Build | House |
| 17:50 | Create | Archer |
| 17:53 | Create | Skirmisher |
| 17:53 | Create | Skirmisher |
| 17:54 | Create | Archer |
| 17:56 | Create | Villager (Male) |
| 17:56 | Create | Villager (Male) |
| 17:57 | Create | Villager (Male) |
| 18:18 | Build | House |
| 18:53 | Create | Archer |
| 18:58 | Build | House |
| 19:02 | Create | Villager (Male) |
| 19:08 | Build | Market |
| 19:25 | Build | Palisade Wall |
| 19:27 | Create | Archer |
| 19:30 | Research | Forging |
| 19:30 | Research | Forging |
| 19:34 | Build | House |
| 19:46 | Create | Villager (Male) |
| 19:56 | Create | Skirmisher |
| 19:56 | Create | Skirmisher |
| 19:56 | Create | Skirmisher |
| 20:20 | Create | Villager (Male) |
| 21:01 | Create | Villager (Male) |
| 21:10 | Create | Archer |
| 21:10 | Create | Archer |
| 21:11 | Create | Archer |
| 21:15 | Create | Archer |
| 21:25 | Create | Villager (Male) |
| 21:29 | Build | Settlement |
| 21:33 | Build | Settlement |
| 21:44 | Create | Archer |
| 21:55 | Build | House |
| 22:03 | Build | Settlement |
| 22:07 | Create | Archer |
| 22:07 | Create | Archer |
| 22:08 | Create | Archer |
| 22:22 | Create | Villager (Male) |
| 22:33 | Build | House |
| 22:40 | Build | Farm |
| 22:41 | Build | Farm |
| 22:44 | Build | Farm |
| 22:46 | Build | Farm |
| 22:48 | Build | Farm |
| 22:49 | Create | Villager (Male) |
| 22:53 | Create | Archer |
| 22:54 | Create | Archer |
| 22:54 | Create | Archer |
| 23:04 | Build | House |
| 23:09 | Create | Villager (Male) |
| 23:26 | Build | Farm |
| 23:29 | Build | Farm |
| 23:32 | Build | Farm |
| 23:40 | Build | Palisade Wall |
| 23:43 | Create | Villager (Male) |
| 23:44 | Create | Archer |
| 23:45 | Create | Archer |
| 23:46 | Create | Villager (Male) |
| 23:50 | Build | Farm |
| 24:21 | Build | House |
| 24:22 | Build | House |
| 24:32 | Create | Villager (Male) |
| 24:35 | Create | Archer |
Build order — CMD_Papi Shulo 🌶
First 150 of 469 actions detected
| 0:02 | Create | Villager (Male) |
| 0:03 | Create | Villager (Male) |
| 0:03 | Create | Villager (Male) |
| 0:03 | Create | Villager (Male) |
| 0:03 | Create | Villager (Male) |
| 0:05 | Build | House |
| 0:07 | Build | House |
| 1:26 | Create | Villager (Male) |
| 1:26 | Create | Villager (Male) |
| 2:08 | Create | Villager (Male) |
| 2:08 | Create | Villager (Male) |
| 2:33 | Create | Villager (Male) |
| 2:56 | Create | Villager (Male) |
| 2:56 | Create | Villager (Male) |
| 3:37 | Build | Lumber Camp |
| 3:52 | Create | Villager (Male) |
| 3:52 | Create | Villager (Male) |
| 3:52 | Create | Villager (Male) |
| 4:14 | Create | Villager (Male) |
| 4:15 | Create | Villager (Male) |
| 4:48 | Build | House |
| 4:50 | Build | House |
| 4:53 | Research | Loom |
| 4:53 | Create | Villager (Male) |
| 4:53 | Create | Villager (Male) |
| 4:54 | Create | Villager (Male) |
| 6:34 | Create | Villager (Male) |
| 7:15 | Create | Villager (Male) |
| 7:19 | Build | Mill |
| 8:33 | Research | Feudal Age |
| 8:41 | Build | Barracks |
| 9:11 | Build | Palisade Wall |
| 9:24 | Create | Villager (Male) |
| 9:24 | Create | Villager (Male) |
| 10:24 | Build | Mining Camp |
| 10:43 | Age | Feudal Age |
| 11:00 | Create | Villager (Male) |
| 11:17 | Build | Watch Tower |
| 11:30 | Build | Archery Range |
| 11:34 | Build | Archery Range |
| 11:41 | Build | House |
| 11:44 | Research | Town Watch |
| 11:52 | Build | House |
| 12:17 | Create | Archer |
| 12:35 | Create | Skirmisher |
| 12:35 | Create | Skirmisher |
| 12:36 | Create | Skirmisher |
| 12:47 | Create | Skirmisher |
| 12:54 | Build | Palisade Wall |
| 13:38 | Create | Skirmisher |
| 13:38 | Create | Skirmisher |
| 13:38 | Create | Skirmisher |
| 14:01 | Create | Villager (Male) |
| 14:01 | Create | Villager (Male) |
| 14:01 | Create | Villager (Male) |
| 14:02 | Create | Villager (Male) |
| 14:02 | Create | Villager (Male) |
| 14:02 | Create | Villager (Male) |
| 14:02 | Create | Villager (Male) |
| 14:36 | Build | House |
| 14:41 | Build | Palisade Wall |
| 15:05 | Create | Archer |
| 15:38 | Build | Palisade Wall |
| 16:01 | Create | Skirmisher |
| 16:02 | Create | Skirmisher |
| 16:02 | Create | Skirmisher |
| 16:43 | Build | Lumber Camp |
| 17:01 | Build | Palisade Wall |
| 17:05 | Create | Villager (Male) |
| 17:06 | Create | Villager (Male) |
| 17:06 | Create | Villager (Male) |
| 17:06 | Create | Villager (Male) |
| 17:06 | Create | Villager (Male) |
| 17:28 | Create | Spearman |
| 17:41 | Create | Archer |
| 17:41 | Create | Archer |
| 17:41 | Create | Archer |
| 17:41 | Create | Archer |
| 17:51 | Build | House |
| 18:10 | Build | Palisade Wall |
| 18:21 | Build | House |
| 18:24 | Build | House |
| 18:30 | Create | Villager (Male) |
| 18:31 | Create | Villager (Male) |
| 19:27 | Build | Blacksmith |
| 19:33 | Create | Archer |
| 19:33 | Create | Archer |
| 19:33 | Create | Archer |
| 19:34 | Create | Archer |
| 19:34 | Create | Archer |
| 19:34 | Create | Archer |
| 19:34 | Create | Archer |
| 19:34 | Create | Archer |
| 19:47 | Build | House |
| 19:49 | Build | House |
| 20:01 | Create | Villager (Male) |
| 20:01 | Create | Villager (Male) |
| 20:15 | Build | Farm |
| 20:15 | Build | Farm |
| 20:15 | Build | Farm |
| 20:37 | Create | Archer |
| 20:37 | Create | Archer |
| 20:37 | Create | Archer |
| 20:38 | Create | Archer |
| 20:38 | Create | Archer |
| 20:38 | Create | Archer |
| 20:53 | Build | Farm |
| 21:04 | Create | Villager (Male) |
| 21:04 | Create | Villager (Male) |
| 21:14 | Build | Farm |
| 21:19 | Build | Farm |
| 21:48 | Create | Archer |
| 21:48 | Create | Archer |
| 21:48 | Create | Archer |
| 21:48 | Create | Archer |
| 21:49 | Create | Archer |
| 21:49 | Create | Archer |
| 21:50 | Create | Archer |
| 22:04 | Create | Villager (Male) |
| 22:11 | Build | Farm |
| 22:11 | Build | Farm |
| 22:11 | Build | Farm |
| 22:12 | Build | Farm |
| 22:12 | Build | Farm |
| 22:19 | Build | Palisade Wall |
| 22:55 | Build | Farm |
| 23:09 | Create | Villager (Male) |
| 23:09 | Create | Villager (Male) |
| 23:25 | Build | Building 804 |
| 24:07 | Build | House |
| 24:09 | Build | House |
| 24:34 | Create | Villager (Male) |
| 24:35 | Create | Villager (Male) |
| 24:39 | Create | Villager (Male) |
| 24:39 | Create | Villager (Male) |
| 24:45 | Build | Farm |
| 24:45 | Build | Farm |
| 24:46 | Build | Farm |
| 24:46 | Build | Farm |
| 24:46 | Build | Farm |
| 24:47 | Build | Farm |
| 24:47 | Build | Farm |
| 25:56 | Build | Building 796 |
| 26:12 | Build | Farm |
| 26:23 | Build | Market |
| 26:37 | Build | Mining Camp |
| 26:54 | Build | Stable |
| 26:57 | Build | Stable |
| 27:03 | Create | Skirmisher ×4 |
| 27:48 | Research | Fletching |
Build order — CMD_El Primo
First 150 of 652 actions detected
| 0:00 | Create | Villager (Male) |
| 0:01 | Create | Villager (Male) |
| 0:01 | Create | Villager (Male) |
| 0:02 | Create | Villager (Male) |
| 0:02 | Create | Villager (Male) |
| 0:06 | Build | House |
| 0:08 | Build | House |
| 1:32 | Create | Villager (Male) |
| 2:01 | Create | Villager (Male) |
| 2:08 | Build | Lumber Camp |
| 2:16 | Create | Villager (Male) |
| 2:50 | Create | Villager (Male) |
| 3:18 | Create | Villager (Male) |
| 3:22 | Build | House |
| 3:44 | Create | Villager (Male) |
| 4:00 | Create | Villager (Male) |
| 4:00 | Create | Villager (Male) |
| 4:06 | Build | House |
| 4:26 | Create | Villager (Male) |
| 4:26 | Create | Villager (Male) |
| 4:40 | Research | Loom |
| 4:41 | Create | Villager (Male) |
| 4:41 | Create | Villager (Male) |
| 4:42 | Create | Villager (Male) |
| 5:35 | Create | Villager (Male) |
| 5:54 | Create | Villager (Male) |
| 6:05 | Build | Mill |
| 6:07 | Create | Villager (Male) |
| 7:15 | Research | Feudal Age |
| 8:05 | Build | Barracks |
| 8:26 | Create | Villager (Male) |
| 8:30 | Build | House |
| 9:19 | Age | Feudal Age |
| 9:22 | Build | Stable |
| 9:26 | Research | Double-Bit Axe |
| 9:28 | Create | Villager (Male) |
| 9:57 | Research | Horse Collar |
| 10:02 | Create | Scout Cavalry |
| 10:02 | Create | Scout Cavalry |
| 10:06 | Create | Villager (Male) |
| 10:06 | Create | Villager (Male) |
| 10:23 | Build | Palisade Gate |
| 10:26 | Build | Palisade Wall |
| 10:40 | Build | Farm |
| 10:48 | Build | Farm |
| 10:49 | Create | Villager (Male) |
| 10:49 | Create | Scout Cavalry |
| 11:05 | Build | House |
| 11:10 | Build | Palisade Wall |
| 11:14 | Build | Palisade Wall |
| 11:19 | Create | Villager (Male) |
| 11:21 | Build | Farm |
| 11:26 | Build | Farm |
| 11:27 | Create | Villager (Male) |
| 11:27 | Create | Scout Cavalry |
| 11:39 | Build | House |
| 11:41 | Build | Palisade Wall |
| 11:52 | Create | Scout Cavalry |
| 11:53 | Create | Villager (Male) |
| 12:19 | Create | Villager (Male) |
| 12:25 | Build | Farm |
| 12:26 | Build | Farm |
| 12:29 | Build | Farm |
| 12:31 | Build | Farm |
| 12:47 | Create | Villager (Male) |
| 13:05 | Create | Villager (Male) |
| 13:07 | Build | Farm |
| 13:11 | Build | Farm |
| 13:12 | Build | Farm |
| 13:13 | Build | Farm |
| 13:20 | Create | Villager (Male) |
| 13:31 | Build | House |
| 13:33 | Build | Palisade Wall |
| 13:37 | Create | Scout Cavalry |
| 13:56 | Create | Villager (Male) |
| 14:05 | Create | Scout Cavalry |
| 14:11 | Build | Farm |
| 14:12 | Build | Farm |
| 14:18 | Create | Villager (Male) |
| 14:29 | Build | Blacksmith |
| 14:32 | Build | House |
| 14:42 | Create | Villager (Male) |
| 14:48 | Build | Farm |
| 15:13 | Create | Scout Cavalry |
| 15:14 | Create | Villager (Male) |
| 15:26 | Research | Scale Barding Armor |
| 15:28 | Build | House |
| 15:30 | Build | Farm |
| 15:39 | Create | Villager (Male) |
| 15:43 | Create | Villager (Male) |
| 15:45 | Build | Mining Camp |
| 16:04 | Create | Villager (Male) |
| 16:07 | Build | House |
| 16:09 | Build | House |
| 16:29 | Build | Market |
| 16:34 | Research | Wheelbarrow |
| 17:05 | Create | Villager (Male) |
| 17:08 | Research | Bloodlines |
| 17:26 | Build | House |
| 17:46 | Build | Farm |
| 17:46 | Build | Farm |
| 17:46 | Build | Farm |
| 17:47 | Build | Farm |
| 18:11 | Create | Villager (Male) |
| 18:30 | Build | House |
| 18:31 | Build | House |
| 18:40 | Create | Villager (Male) |
| 19:12 | Research | Castle Age |
| 19:42 | Build | Stable |
| 19:59 | Build | Lumber Camp |
| 20:01 | Research | Forging |
| 20:16 | Research | Gold Mining |
| 21:28 | Create | Villager (Male) |
| 21:37 | Age | Castle Age |
| 21:38 | Research | Husbandry |
| 21:38 | Create | Knight |
| 21:44 | Research | Chain Barding Armor |
| 21:46 | Create | Villager (Male) |
| 21:48 | Build | House |
| 21:52 | Build | Palisade Wall |
| 21:54 | Build | Palisade Wall |
| 21:56 | Build | Palisade Wall |
| 21:59 | Build | Palisade Wall |
| 22:07 | Create | Knight |
| 22:10 | Build | Palisade Wall |
| 22:18 | Create | Knight |
| 22:27 | Build | Palisade Gate |
| 22:36 | Create | Knight |
| 22:37 | Create | Villager (Male) |
| 22:44 | Build | Palisade Wall |
| 22:51 | Research | Town Watch |
| 22:57 | Create | Villager (Male) |
| 23:04 | Create | Knight |
| 23:04 | Create | Knight |
| 23:14 | Create | Villager (Male) |
| 23:21 | Build | Town Center |
| 23:38 | Create | Villager (Male) |
| 23:46 | Create | Knight |
| 23:46 | Create | Knight |
| 23:55 | Create | Knight |
| 23:56 | Create | Knight |
| 24:01 | Create | Villager (Male) |
| 24:06 | Build | Palisade Wall |
| 24:08 | Research | Bow Saw |
| 24:18 | Create | Villager (Male) |
| 24:19 | Create | Villager (Male) |
| 24:19 | Create | Knight |
| 24:37 | Build | Farm |
| 24:39 | Create | Villager (Male) |
| 24:39 | Create | Villager (Male) |
Build order — Kurama
First 150 of 761 actions detected
| 0:01 | Create | Villager (Male) |
| 0:01 | Create | Villager (Male) |
| 0:02 | Create | Villager (Male) |
| 0:02 | Create | Villager (Male) |
| 0:03 | Build | House |
| 0:04 | Build | House |
| 1:25 | Create | Villager (Male) |
| 1:50 | Create | Villager (Male) |
| 2:23 | Create | Villager (Male) |
| 2:24 | Create | Villager (Male) |
| 2:40 | Create | Villager (Male) |
| 3:00 | Build | Lumber Camp |
| 3:06 | Create | Villager (Male) |
| 3:07 | Create | Villager (Male) |
| 3:24 | Create | Villager (Male) |
| 3:25 | Create | Villager (Male) |
| 3:51 | Build | House |
| 3:53 | Build | House |
| 4:09 | Create | Villager (Male) |
| 4:10 | Create | Villager (Male) |
| 4:10 | Create | Villager (Male) |
| 4:50 | Create | Villager (Male) |
| 4:51 | Create | Villager (Male) |
| 5:24 | Create | Villager (Male) |
| 5:34 | Create | Villager (Male) |
| 5:35 | Create | Villager (Male) |
| 6:02 | Create | Villager (Male) |
| 6:20 | Build | Mill |
| 6:52 | Research | Loom |
| 7:26 | Research | Feudal Age |
| 7:49 | Build | Barracks |
| 8:41 | Build | Mining Camp |
| 8:51 | Create | Villager (Male) |
| 8:57 | Create | Militia |
| 8:57 | Create | Militia |
| 8:57 | Create | Militia |
| 8:58 | Create | Militia |
| 9:30 | Build | House |
| 9:42 | Create | Militia |
| 9:43 | Age | Feudal Age |
| 10:02 | Research | Man-at-Arms (upgrade) |
| 10:10 | Create | Villager (Male) |
| 10:15 | Build | House |
| 10:17 | Create | Villager (Male) |
| 10:21 | Build | Archery Range |
| 10:26 | Build | Building 796 |
| 10:29 | Create | Villager (Male) |
| 10:32 | Create | Spearman |
| 11:19 | Create | Villager (Male) |
| 11:32 | Create | Villager (Male) |
| 12:05 | Create | Villager (Male) |
| 12:07 | Create | Archer |
| 12:08 | Create | Archer |
| 12:09 | Build | Archery Range |
| 12:21 | Create | Villager (Male) |
| 12:24 | Research | Double-Bit Axe |
| 12:25 | Create | Villager (Male) |
| 12:33 | Build | Farm |
| 12:34 | Build | Farm |
| 12:43 | Create | Archer |
| 12:44 | Create | Archer |
| 12:45 | Create | Villager (Male) |
| 12:49 | Build | House |
| 12:51 | Build | House |
| 13:08 | Create | Villager (Male) |
| 13:09 | Build | Farm |
| 13:32 | Create | Archer |
| 13:32 | Create | Archer |
| 13:32 | Create | Archer |
| 13:35 | Build | Palisade Wall |
| 13:39 | Create | Villager (Male) |
| 13:41 | Build | Farm |
| 13:42 | Build | Farm |
| 13:43 | Build | Farm |
| 13:47 | Create | Archer |
| 13:48 | Create | Archer |
| 13:58 | Create | Spearman |
| 14:11 | Build | Farm |
| 14:11 | Build | Farm |
| 14:14 | Build | House |
| 14:21 | Build | House |
| 14:24 | Build | House |
| 14:26 | Build | House |
| 14:31 | Create | Villager (Male) |
| 14:31 | Create | Villager (Male) |
| 14:31 | Create | Villager (Male) |
| 14:33 | Build | Farm |
| 14:36 | Create | Archer |
| 14:59 | Create | Archer |
| 15:00 | Create | Villager (Male) |
| 15:08 | Create | Villager (Male) |
| 15:11 | Build | Lumber Camp |
| 15:14 | Create | Villager (Male) |
| 15:21 | Build | Palisade Wall |
| 15:27 | Build | Farm |
| 15:32 | Create | Archer |
| 15:32 | Create | Archer |
| 15:32 | Create | Archer |
| 15:41 | Create | Archer |
| 15:42 | Create | Archer |
| 16:11 | Create | Villager (Male) |
| 16:12 | Create | Archer |
| 16:12 | Create | Archer |
| 16:20 | Build | Blacksmith |
| 16:22 | Create | Villager (Male) |
| 16:27 | Create | Archer |
| 16:27 | Create | Archer |
| 16:50 | Build | Farm |
| 16:52 | Build | Farm |
| 16:52 | Build | Farm |
| 16:56 | Create | Villager (Male) |
| 17:00 | Create | Archer |
| 17:00 | Create | Archer |
| 17:16 | Research | Fletching |
| 17:16 | Research | Padded Archer Armor |
| 17:17 | Create | Villager (Male) |
| 17:19 | Build | Farm |
| 17:21 | Build | Farm |
| 17:32 | Create | Villager (Male) |
| 17:34 | Create | Villager (Male) |
| 17:37 | Build | Farm |
| 17:46 | Build | Farm |
| 17:55 | Create | Archer |
| 17:58 | Build | Farm |
| 17:59 | Build | Farm |
| 18:00 | Build | Farm |
| 18:04 | Build | House |
| 18:10 | Create | Villager (Male) |
| 18:15 | Build | Farm |
| 18:21 | Build | Farm |
| 18:25 | Build | House |
| 18:27 | Create | Spearman |
| 18:28 | Create | Spearman |
| 18:46 | Build | Farm |
| 19:07 | Research | Wheelbarrow |
| 19:27 | Create | Villager (Male) |
| 19:34 | Build | House |
| 19:37 | Build | Palisade Wall |
| 19:48 | Create | Archer |
| 19:48 | Create | Archer |
| 20:03 | Build | Market |
| 20:14 | Create | Archer |
| 20:34 | Create | Archer |
| 20:37 | Build | Farm |
| 20:55 | Build | Farm |
| 21:37 | Research | Castle Age |
| 21:41 | Research | Castle Age |
| 21:59 | Create | Archer |
| 21:59 | Create | Archer |
| 22:16 | Create | Archer |
Build order — CMD_Joyasoft
First 150 of 430 actions detected
| 0:02 | Create | Villager (Male) |
| 0:02 | Create | Villager (Male) |
| 0:02 | Create | Villager (Male) |
| 0:03 | Create | Villager (Male) |
| 0:03 | Create | Villager (Male) |
| 0:04 | Build | House |
| 0:05 | Build | House |
| 1:23 | Build | Lumber Camp |
| 1:25 | Create | Villager (Male) |
| 1:57 | Create | Villager (Male) |
| 2:30 | Create | Villager (Male) |
| 2:47 | Build | House |
| 2:48 | Build | House |
| 3:05 | Create | Villager (Male) |
| 3:29 | Create | Villager (Male) |
| 4:10 | Create | Villager (Male) |
| 4:10 | Create | Villager (Male) |
| 4:10 | Create | Villager (Male) |
| 4:45 | Create | Villager (Male) |
| 4:45 | Create | Villager (Male) |
| 5:28 | Create | Villager (Male) |
| 5:45 | Build | Mill |
| 5:54 | Create | Villager (Male) |
| 6:50 | Create | Villager (Male) |
| 6:55 | Research | Loom |
| 7:33 | Research | Feudal Age |
| 7:49 | Build | Mining Camp |
| 8:36 | Build | Barracks |
| 8:43 | Build | House |
| 8:43 | Build | House |
| 9:14 | Build | Palisade Wall |
| 9:50 | Age | Feudal Age |
| 9:53 | Build | Archery Range |
| 9:56 | Create | Villager (Male) |
| 9:56 | Create | Villager (Male) |
| 10:07 | Build | Archery Range |
| 10:17 | Create | Villager (Male) |
| 10:24 | Create | Villager (Male) |
| 10:51 | Create | Archer |
| 10:55 | Create | Villager (Male) |
| 11:06 | Create | Archer ×3 |
| 11:15 | Research | Double-Bit Axe |
| 11:22 | Create | Villager (Male) |
| 11:47 | Create | Villager (Male) |
| 12:03 | Build | Farm |
| 12:07 | Build | Blacksmith |
| 12:09 | Create | Villager (Male) |
| 12:14 | Create | Archer ×3 |
| 12:28 | Create | Villager (Male) |
| 12:43 | Research | Fletching |
| 12:45 | Create | Archer ×4 |
| 12:45 | Create | Archer ×4 |
| 12:58 | Build | House |
| 12:59 | Build | House |
| 13:10 | Create | Archer |
| 13:17 | Build | Farm |
| 13:34 | Build | House |
| 13:41 | Build | House |
| 13:42 | Build | House |
| 13:47 | Create | Archer ×2 |
| 13:59 | Build | Farm |
| 14:00 | Create | Villager (Male) |
| 14:12 | Create | Villager (Male) |
| 14:19 | Create | Archer ×2 |
| 14:23 | Build | Farm |
| 14:24 | Create | Villager (Male) |
| 15:09 | Create | Archer ×2 |
| 15:20 | Build | House |
| 15:21 | Create | Villager (Male) |
| 15:23 | Build | Farm |
| 15:24 | Build | Farm |
| 15:34 | Create | Archer ×2 |
| 15:47 | Build | Farm |
| 15:47 | Create | Villager (Male) |
| 15:52 | Build | Farm |
| 15:57 | Build | House |
| 16:14 | Create | Archer ×2 |
| 16:14 | Create | Archer ×2 |
| 16:21 | Build | Farm |
| 16:22 | Build | Farm |
| 16:24 | Build | Farm |
| 16:25 | Create | Villager (Male) |
| 16:27 | Build | Farm |
| 16:28 | Create | Villager (Male) |
| 16:34 | Create | Archer |
| 16:46 | Build | Farm |
| 16:52 | Create | Archer |
| 16:52 | Create | Archer |
| 17:28 | Create | Villager (Male) |
| 17:28 | Create | Villager (Male) |
| 17:38 | Create | Villager (Male) |
| 17:42 | Create | Archer ×2 |
| 17:46 | Create | Archer |
| 17:46 | Create | Archer |
| 18:02 | Create | Villager (Male) |
| 18:04 | Create | Spearman |
| 18:05 | Create | Spearman |
| 18:25 | Create | Archer ×2 |
| 18:25 | Create | Archer ×2 |
| 18:31 | Create | Spearman |
| 18:32 | Create | Spearman |
| 18:51 | Create | Archer ×2 |
| 19:08 | Create | Archer |
| 19:08 | Create | Archer |
| 19:51 | Create | Spearman |
| 19:52 | Create | Spearman |
| 19:57 | Build | House |
| 19:59 | Build | House |
| 20:01 | Build | House |
| 20:03 | Build | House |
| 20:04 | Build | Palisade Wall |
| 20:08 | Build | House |
| 20:29 | Create | Villager (Male) |
| 20:47 | Create | Villager (Male) |
| 20:47 | Create | Villager (Male) |
| 21:18 | Create | Archer |
| 21:22 | Create | Villager (Male) |
| 21:22 | Create | Villager (Male) |
| 21:32 | Research | Padded Archer Armor |
| 21:46 | Create | Villager (Male) |
| 22:26 | Research | Castle Age |
| 22:33 | Build | Mining Camp |
| 22:43 | Research | Gold Mining |
| 22:47 | Create | Spearman |
| 22:47 | Create | Spearman |
| 22:52 | Create | Archer |
| 23:15 | Create | Archer |
| 23:21 | Create | Archer |
| 23:30 | Research | Horse Collar |
| 23:42 | Create | Archer |
| 23:55 | Create | Archer |
| 23:55 | Create | Archer |
| 23:59 | Create | Spearman |
| 24:04 | Build | House |
| 24:05 | Build | Palisade Wall |
| 24:08 | Build | House |
| 24:20 | Create | Archer |
| 24:24 | Create | Villager (Male) |
| 25:14 | Age | Castle Age |
| 25:22 | Build | Siege Workshop |
| 25:24 | Research | Crossbowman (upgrade) |
| 25:27 | Research | Bodkin Arrow |
| 25:31 | Create | Villager (Male) |
| 25:45 | Build | Town Center |
| 25:50 | Create | Archer ×3 |
| 25:51 | Create | Archer |
| 25:51 | Create | Archer |
| 25:56 | Create | Villager (Male) |
| 26:14 | Create | Battering Ram |
| 26:19 | Build | House |
Build order — [_M_] S_Madro
First 150 of 817 actions detected
| 0:02 | Create | Villager (Male) |
| 0:02 | Create | Villager (Male) |
| 0:03 | Build | House |
| 0:04 | Build | House |
| 0:04 | Build | House |
| 0:23 | Create | Villager (Male) |
| 0:32 | Create | Villager (Male) |
| 0:32 | Create | Villager (Male) |
| 1:34 | Create | Villager (Male) |
| 2:11 | Create | Villager (Male) |
| 2:12 | Create | Villager (Male) |
| 2:21 | Create | Villager (Male) |
| 2:22 | Create | Villager (Male) |
| 2:23 | Build | Lumber Camp |
| 2:52 | Create | Villager (Male) |
| 3:12 | Create | Villager (Male) |
| 3:44 | Create | Villager (Male) |
| 3:44 | Create | Villager (Male) |
| 4:06 | Create | Villager (Male) |
| 4:15 | Create | Villager (Male) |
| 4:15 | Create | Villager (Male) |
| 4:15 | Create | Villager (Male) |
| 4:54 | Create | Villager (Male) |
| 5:05 | Create | Villager (Male) |
| 5:06 | Create | Villager (Male) |
| 5:15 | Build | Mill |
| 5:33 | Create | Villager (Male) |
| 5:35 | Research | Loom |
| 6:05 | Build | House |
| 6:49 | Research | Feudal Age |
| 8:00 | Build | Barracks |
| 8:38 | Create | Villager (Male) |
| 8:59 | Age | Feudal Age |
| 9:02 | Build | Stable |
| 9:03 | Build | House |
| 9:26 | Create | Villager (Male) |
| 9:30 | Build | Farm |
| 9:39 | Create | Villager (Male) |
| 9:59 | Build | Blacksmith |
| 10:07 | Create | Scout Cavalry |
| 10:07 | Create | Scout Cavalry |
| 10:13 | Create | Villager (Male) |
| 10:21 | Build | Farm |
| 10:41 | Build | House |
| 10:53 | Build | Farm |
| 10:57 | Create | Scout Cavalry |
| 11:02 | Build | Farm |
| 11:02 | Create | Villager (Male) |
| 11:05 | Build | Farm |
| 11:16 | Build | Palisade Wall |
| 11:17 | Build | Palisade Wall |
| 11:23 | Create | Villager (Male) |
| 11:26 | Create | Scout Cavalry |
| 11:36 | Build | Farm |
| 11:40 | Build | House |
| 11:42 | Build | Palisade Wall |
| 11:43 | Build | Palisade Wall |
| 11:47 | Build | Palisade Wall |
| 12:00 | Create | Scout Cavalry |
| 12:03 | Build | Farm |
| 12:22 | Create | Villager (Male) |
| 12:23 | Build | Farm |
| 12:24 | Build | Farm |
| 12:33 | Build | House |
| 12:34 | Build | Palisade Wall |
| 12:41 | Create | Scout Cavalry |
| 13:04 | Build | Farm |
| 13:10 | Create | Scout Cavalry |
| 13:13 | Build | House |
| 13:14 | Build | Palisade Wall |
| 13:20 | Build | Farm |
| 13:21 | Create | Villager (Male) |
| 13:34 | Create | Villager (Male) |
| 13:36 | Build | House |
| 13:36 | Build | Palisade Wall |
| 13:38 | Build | Palisade Wall |
| 13:52 | Create | Scout Cavalry |
| 14:08 | Build | Farm |
| 14:24 | Build | Farm |
| 14:29 | Build | House |
| 14:37 | Research | Scale Barding Armor |
| 15:24 | Create | Scout Cavalry |
| 15:25 | Create | Scout Cavalry |
| 15:31 | Create | Scout Cavalry |
| 15:36 | Build | House |
| 15:50 | Create | Scout Cavalry |
| 16:03 | Build | Farm |
| 16:04 | Build | Mining Camp |
| 16:06 | Create | Villager (Male) |
| 16:16 | Create | Scout Cavalry |
| 16:28 | Build | Stable |
| 16:32 | Build | House |
| 16:33 | Build | Palisade Wall |
| 16:41 | Create | Villager (Male) |
| 16:53 | Create | Scout Cavalry |
| 16:54 | Create | Scout Cavalry |
| 17:19 | Create | Scout Cavalry |
| 17:38 | Create | Scout Cavalry |
| 17:41 | Create | Scout Cavalry |
| 17:53 | Research | Forging |
| 18:00 | Create | Scout Cavalry |
| 18:11 | Build | Farm |
| 18:13 | Create | Villager (Male) |
| 18:26 | Build | Farm |
| 18:27 | Create | Villager (Male) |
| 18:41 | Create | Villager (Male) |
| 19:11 | Build | House |
| 19:14 | Build | Watch Tower |
| 19:48 | Build | Archery Range |
| 19:57 | Build | House |
| 20:03 | Build | Stone Wall |
| 20:10 | Build | Stone Wall |
| 20:55 | Create | Villager (Male) |
| 20:57 | Build | House |
| 21:15 | Create | Villager (Male) |
| 21:16 | Create | Villager (Male) |
| 21:29 | Create | Scout Cavalry |
| 21:30 | Create | Scout Cavalry |
| 21:42 | Build | Market |
| 21:50 | Build | House |
| 21:57 | Build | House |
| 22:49 | Create | Villager (Male) |
| 23:23 | Research | Castle Age |
| 23:23 | Research | Castle Age |
| 23:34 | Build | Stable |
| 23:35 | Build | House |
| 23:43 | Build | Farm |
| 24:14 | Build | Lumber Camp |
| 24:22 | Create | Scout Cavalry |
| 24:22 | Create | Scout Cavalry |
| 25:04 | Create | Villager (Male) |
| 25:05 | Build | Farm |
| 25:05 | Build | Farm |
| 25:16 | Build | Farm |
| 25:17 | Build | Farm |
| 25:18 | Build | Farm |
| 25:18 | Build | Farm |
| 25:34 | Build | House |
| 25:43 | Create | Spearman |
| 25:43 | Create | Spearman |
| 25:43 | Create | Spearman |
| 25:48 | Build | House |
| 26:02 | Build | House |
| 26:03 | Build | House |
| 26:03 | Age | Castle Age |
| 26:05 | Build | House |
| 26:15 | Research | Light Cavalry (upgrade) |
| 26:15 | Research | Light Cavalry (upgrade) |
| 26:21 | Build | Farm |
| 26:22 | Build | Farm |
Build order — CMD_negroterrazas
First 150 of 423 actions detected
| 0:04 | Build | House |
| 0:06 | Build | House |
| 0:07 | Create | Villager (Male) |
| 0:07 | Create | Villager (Male) |
| 0:07 | Create | Villager (Male) |
| 0:07 | Create | Villager (Male) |
| 0:08 | Create | Villager (Male) |
| 0:08 | Create | Villager (Male) |
| 0:08 | Create | Villager (Male) |
| 1:54 | Build | Lumber Camp |
| 2:08 | Create | Villager (Male) |
| 2:08 | Create | Villager (Male) |
| 2:09 | Create | Villager (Male) |
| 2:31 | Create | Villager (Male) |
| 2:32 | Create | Villager (Male) |
| 2:32 | Create | Villager (Male) |
| 3:01 | Create | Villager (Male) |
| 3:01 | Create | Villager (Male) |
| 3:02 | Create | Villager (Male) |
| 3:23 | Create | Villager (Male) |
| 3:24 | Create | Villager (Male) |
| 3:24 | Create | Villager (Male) |
| 4:22 | Create | Villager (Male) |
| 4:22 | Create | Villager (Male) |
| 4:23 | Create | Villager (Male) |
| 4:24 | Create | Villager (Male) |
| 4:24 | Create | Villager (Male) |
| 4:24 | Create | Villager (Male) |
| 4:26 | Build | House |
| 4:27 | Build | House |
| 4:28 | Build | House |
| 4:30 | Build | House |
| 4:33 | Build | House |
| 5:23 | Build | Mill |
| 5:26 | Create | Villager (Male) |
| 5:27 | Create | Villager (Male) |
| 5:27 | Create | Villager (Male) |
| 5:28 | Create | Villager (Male) |
| 5:28 | Create | Villager (Male) |
| 5:29 | Create | Villager (Male) |
| 5:30 | Create | Villager (Male) |
| 5:30 | Create | Villager (Male) |
| 7:42 | Build | Barracks |
| 7:50 | Create | Villager (Male) |
| 7:50 | Create | Villager (Male) |
| 7:50 | Create | Villager (Male) |
| 8:11 | Create | Villager (Male) |
| 8:47 | Build | Mining Camp |
| 9:26 | Research | Feudal Age |
| 9:47 | Build | Palisade Wall |
| 10:32 | Research | Loom |
| 10:36 | Create | Villager (Male) |
| 10:36 | Create | Villager (Male) |
| 10:54 | Build | Palisade Wall |
| 11:36 | Age | Feudal Age |
| 11:40 | Build | Stable |
| 11:43 | Build | Stable |
| 12:27 | Build | Blacksmith |
| 12:31 | Create | Scout Cavalry |
| 12:31 | Create | Scout Cavalry |
| 12:37 | Research | Bloodlines |
| 13:03 | Create | Scout Cavalry |
| 13:04 | Create | Scout Cavalry |
| 13:21 | Build | Stone Wall |
| 13:23 | Build | Building 490 |
| 13:33 | Create | Villager (Male) |
| 13:33 | Create | Villager (Male) |
| 13:33 | Create | Villager (Male) |
| 13:54 | Build | House |
| 13:56 | Build | House |
| 13:58 | Build | House |
| 14:09 | Create | Spearman |
| 14:09 | Create | Spearman |
| 14:46 | Build | Farm |
| 14:55 | Research | Scale Barding Armor |
| 15:18 | Create | Villager (Male) |
| 15:33 | Create | Spearman |
| 15:38 | Build | Farm |
| 15:40 | Build | Farm |
| 15:44 | Build | Farm |
| 15:50 | Build | Farm |
| 15:53 | Build | Farm |
| 16:18 | Build | Farm |
| 16:29 | Create | Villager (Male) |
| 16:30 | Create | Villager (Male) |
| 17:28 | Build | Farm |
| 17:30 | Build | Farm |
| 17:34 | Build | Farm |
| 17:36 | Build | Farm |
| 17:47 | Build | Palisade Wall |
| 17:51 | Build | Farm |
| 17:59 | Build | Farm |
| 20:56 | Research | Castle Age |
| 22:19 | Build | Stone Wall |
| 22:23 | Build | Stone Wall |
| 23:36 | Age | Castle Age |
| 23:43 | Build | Town Center |
| 23:48 | Create | Knight |
| 23:49 | Create | Knight |
| 23:49 | Create | Knight |
| 23:49 | Create | Knight |
| 23:51 | Create | Knight |
| 23:51 | Create | Knight |
| 23:57 | Create | Villager (Male) |
| 23:57 | Create | Villager (Male) |
| 24:52 | Research | Husbandry |
| 25:18 | Create | Villager (Male) |
| 25:18 | Create | Villager (Male) |
| 25:24 | Create | Knight |
| 25:25 | Create | Knight |
| 25:25 | Create | Knight |
| 25:25 | Create | Knight |
| 25:25 | Create | Knight |
| 25:58 | Create | Villager (Male) |
| 25:59 | Create | Villager (Male) |
| 25:59 | Create | Villager (Male) |
| 26:40 | Research | Light Cavalry (upgrade) |
| 27:48 | Research | Chain Barding Armor |
| 28:26 | Create | Knight |
| 28:27 | Create | Knight |
| 28:27 | Create | Knight |
| 28:27 | Create | Knight |
| 28:31 | Create | Knight |
| 28:31 | Create | Knight |
| 28:31 | Create | Knight |
| 28:53 | Build | Siege Workshop |
| 29:06 | Create | Villager (Male) |
| 29:06 | Create | Villager (Male) |
| 29:25 | Create | Knight |
| 29:26 | Create | Knight |
| 29:26 | Create | Knight |
| 29:26 | Create | Knight |
| 30:27 | Create | Knight |
| 30:28 | Create | Knight |
| 30:28 | Create | Knight |
| 31:00 | Create | Mangonel |
| 31:30 | Create | Knight |
| 31:30 | Create | Knight |
| 31:31 | Create | Knight |
| 31:31 | Create | Knight |
| 32:07 | Create | Villager (Male) |
| 32:07 | Create | Villager (Male) |
| 32:10 | Research | Gold Mining |
| 32:14 | Create | Scout Cavalry |
| 32:23 | Create | Knight |
| 32:23 | Create | Knight |
| 32:24 | Create | Knight |
| 32:24 | Create | Knight |
| 32:56 | Build | Siege Workshop |
| 33:10 | Create | Knight |
Build order — [_M_] Dave
First 150 of 842 actions detected
| 0:01 | Create | Villager (Male) ×4 |
| 0:02 | Build | House |
| 0:05 | Build | House |
| 1:29 | Create | Villager (Male) |
| 2:04 | Create | Villager (Male) |
| 2:09 | Build | Lumber Camp |
| 2:19 | Create | Villager (Male) |
| 2:20 | Create | Villager (Male) |
| 2:53 | Create | Villager (Male) |
| 2:57 | Create | Villager (Male) |
| 2:57 | Create | Villager (Male) |
| 2:58 | Create | Villager (Male) |
| 3:06 | Build | House |
| 3:29 | Create | Villager (Male) |
| 4:04 | Create | Villager (Male) |
| 4:28 | Create | Villager (Male) |
| 4:51 | Create | Villager (Male) |
| 5:02 | Create | Villager (Male) |
| 5:10 | Create | Villager (Male) |
| 5:36 | Build | Mill |
| 6:30 | Research | Loom |
| 7:37 | Research | Feudal Age |
| 8:43 | Build | House |
| 9:17 | Create | Villager (Male) |
| 9:47 | Age | Feudal Age |
| 9:57 | Build | Barracks |
| 10:06 | Research | Double-Bit Axe |
| 10:12 | Build | House |
| 10:18 | Build | Palisade Wall |
| 10:22 | Create | Villager (Male) |
| 10:31 | Create | Villager (Male) |
| 10:39 | Build | House |
| 10:53 | Build | Palisade Wall |
| 10:57 | Create | Villager (Male) |
| 10:58 | Build | Farm |
| 11:02 | Build | Stable |
| 11:04 | Create | Villager (Male) |
| 11:30 | Build | Farm |
| 11:32 | Build | Farm |
| 11:35 | Create | Villager (Male) |
| 11:59 | Create | Villager (Male) |
| 12:01 | Build | Farm |
| 12:06 | Build | Farm |
| 12:10 | Create | Scout Cavalry |
| 12:11 | Create | Scout Cavalry |
| 12:11 | Create | Scout Cavalry |
| 12:12 | Create | Scout Cavalry |
| 12:18 | Build | Farm |
| 12:26 | Create | Villager (Male) |
| 12:40 | Build | Farm |
| 12:49 | Build | Farm |
| 12:50 | Create | Villager (Male) |
| 13:00 | Build | Farm |
| 13:01 | Build | Farm |
| 13:27 | Build | Farm |
| 13:30 | Build | Farm |
| 13:33 | Create | Villager (Male) |
| 13:34 | Create | Scout Cavalry |
| 13:44 | Build | House |
| 13:52 | Build | Farm |
| 14:02 | Create | Villager (Male) |
| 14:18 | Create | Villager (Male) |
| 14:19 | Build | Farm |
| 14:36 | Build | Farm |
| 14:45 | Build | Mining Camp |
| 14:45 | Create | Villager (Male) |
| 15:08 | Research | Horse Collar |
| 15:09 | Create | Villager (Male) |
| 15:19 | Create | Villager (Male) |
| 15:47 | Create | Villager (Male) |
| 15:48 | Build | Farm |
| 15:49 | Create | Spearman |
| 15:58 | Create | Villager (Male) |
| 16:03 | Build | Blacksmith |
| 16:10 | Create | Scout Cavalry |
| 16:11 | Create | Scout Cavalry |
| 16:16 | Build | House |
| 16:30 | Build | Farm |
| 16:37 | Create | Villager (Male) |
| 16:40 | Build | House |
| 16:42 | Build | Palisade Wall |
| 16:47 | Build | Palisade Wall |
| 16:55 | Create | Villager (Male) |
| 17:00 | Create | Spearman |
| 17:04 | Research | Forging |
| 17:07 | Create | Villager (Male) |
| 17:47 | Build | Farm |
| 17:48 | Build | Farm |
| 17:51 | Build | Farm |
| 18:00 | Create | Villager (Male) |
| 18:06 | Create | Villager (Male) |
| 18:23 | Build | Farm |
| 18:24 | Build | Farm |
| 18:32 | Research | Scale Barding Armor |
| 18:48 | Build | Farm |
| 18:56 | Research | Bloodlines |
| 19:00 | Build | Palisade Wall |
| 19:01 | Build | Palisade Wall |
| 19:12 | Build | Farm |
| 19:27 | Create | Villager (Male) |
| 19:41 | Build | Farm |
| 19:48 | Create | Scout Cavalry |
| 19:48 | Create | Scout Cavalry |
| 19:56 | Create | Villager (Male) |
| 20:21 | Build | House |
| 20:21 | Build | House |
| 20:25 | Create | Villager (Male) |
| 20:43 | Build | Market |
| 21:05 | Build | Lumber Camp |
| 21:13 | Research | Castle Age |
| 21:32 | Build | Stable |
| 22:19 | Build | Stable |
| 22:29 | Build | Palisade Wall |
| 23:07 | Create | Scout Cavalry |
| 23:07 | Create | Scout Cavalry |
| 23:07 | Create | Scout Cavalry |
| 23:07 | Create | Scout Cavalry |
| 23:35 | Build | Stable |
| 23:49 | Build | Palisade Wall |
| 23:54 | Age | Castle Age |
| 23:57 | Create | Villager (Male) |
| 23:58 | Create | Villager (Male) |
| 24:01 | Create | Knight |
| 24:02 | Create | Knight |
| 24:02 | Create | Knight |
| 24:02 | Create | Knight |
| 24:02 | Create | Knight |
| 24:02 | Create | Knight |
| 24:14 | Create | Knight |
| 24:14 | Create | Knight |
| 24:14 | Create | Knight |
| 24:15 | Create | Villager (Male) |
| 24:35 | Build | Town Center |
| 24:47 | Build | Farm |
| 24:47 | Build | Farm |
| 24:56 | Create | Knight |
| 24:56 | Create | Knight |
| 24:58 | Research | Chain Barding Armor |
| 25:02 | Create | Villager (Male) |
| 25:19 | Create | Villager (Male) |
| 25:19 | Create | Villager (Male) |
| 25:21 | Create | Knight |
| 25:22 | Create | Knight |
| 25:38 | Research | Husbandry |
| 25:54 | Build | Town Center |
| 26:06 | Create | Villager (Male) |
| 26:06 | Create | Villager (Male) |
| 26:09 | Research | Wheelbarrow |
| 26:13 | Create | Knight |
| 26:13 | Create | Knight |
Match timeline
| 6:27 | [Slowhand] Jose023 · first_building Barracks |
| 7:42 | CMD_negroterrazas · first_building Barracks |
| 7:49 | Kurama · first_building Barracks |
| 8:00 | [_M_] S_Madro · first_building Barracks |
| 8:05 | CMD_El Primo · first_building Barracks |
| 8:36 | CMD_Joyasoft · first_building Barracks |
| 8:41 | CMD_Papi Shulo 🌶 · first_building Barracks |
| 8:59 | [_M_] S_Madro · age_up feudal |
| 9:02 | [_M_] S_Madro · first_building Stable |
| 9:11 | CMD_Papi Shulo 🌶 · wall_segment Palisade Wall x4 |
| 9:14 | CMD_Joyasoft · wall_segment Palisade Wall x1 |
| 9:17 | [Slowhand] Jose023 · age_up feudal |
| 9:19 | CMD_El Primo · age_up feudal |
| 9:21 | [Slowhand] Jose023 · first_building Archery Range |
| 9:22 | CMD_El Primo · first_building Stable |
| 9:43 | Kurama · age_up feudal |
| 9:47 | [_M_] Dave · age_up feudal |
| 9:47 | CMD_negroterrazas · wall_segment Palisade Wall x6 |
| 9:50 | CMD_Joyasoft · age_up feudal |
| 9:53 | CMD_Joyasoft · first_building Archery Range |
| 9:57 | [_M_] Dave · first_building Barracks |
| 10:18 | [_M_] Dave · wall_segment Palisade Wall x3 |
| 10:21 | Kurama · first_building Archery Range |
| 10:26 | CMD_El Primo · wall_segment Palisade Wall x4 |
| 10:43 | CMD_Papi Shulo 🌶 · age_up feudal |
| 10:53 | [_M_] Dave · wall_segment Palisade Wall x5 |
| 10:54 | CMD_negroterrazas · wall_segment Palisade Wall x4 |
| 11:02 | [_M_] Dave · first_building Stable |
| 11:10 | CMD_El Primo · wall_segment Palisade Wall x9 |
| 11:14 | CMD_El Primo · wall_segment Palisade Wall x10 |
| 11:16 | [_M_] S_Madro · wall_segment Palisade Wall x4 |
| 11:17 | [_M_] S_Madro · wall_segment Palisade Wall x4 |
| 11:30 | CMD_Papi Shulo 🌶 · first_building Archery Range |
| 11:36 | CMD_negroterrazas · age_up feudal |
| 11:40 | CMD_negroterrazas · first_building Stable |
| 11:41 | CMD_El Primo · wall_segment Palisade Wall x6 |
| 11:42 | [_M_] S_Madro · wall_segment Palisade Wall x3 |
| 11:43 | [_M_] S_Madro · wall_segment Palisade Wall x1 |
| 11:47 | [_M_] S_Madro · wall_segment Palisade Wall x3 |
| 12:34 | [_M_] S_Madro · wall_segment Palisade Wall x6 |
| 12:54 | CMD_Papi Shulo 🌶 · wall_segment Palisade Wall x1 |
| 13:14 | [_M_] S_Madro · wall_segment Palisade Wall x5 |
| 13:21 | CMD_negroterrazas · wall_segment Stone Wall x4 |
| 13:33 | CMD_El Primo · wall_segment Palisade Wall x3 |
| 13:35 | Kurama · wall_segment Palisade Wall x1 |
| 13:36 | [_M_] S_Madro · wall_segment Palisade Wall x3 |
| 13:38 | [_M_] S_Madro · wall_segment Palisade Wall x6 |
| 13:39 | [Slowhand] Jose023 · wall_segment Palisade Wall x8 |
| 14:41 | CMD_Papi Shulo 🌶 · wall_segment Palisade Wall x16 |
| 15:21 | Kurama · wall_segment Palisade Wall x10 |
| 15:38 | CMD_Papi Shulo 🌶 · wall_segment Palisade Wall x12 |
| 16:33 | [_M_] S_Madro · wall_segment Palisade Wall x1 |
| 16:42 | [_M_] Dave · wall_segment Palisade Wall x4 |
| 16:47 | [_M_] Dave · wall_segment Palisade Wall x10 |
| 16:56 | [Slowhand] Jose023 · wall_segment Palisade Wall x1 |
| 17:01 | CMD_Papi Shulo 🌶 · wall_segment Palisade Wall x2 |
| 17:47 | CMD_negroterrazas · wall_segment Palisade Wall x11 |
| 18:10 | CMD_Papi Shulo 🌶 · wall_segment Palisade Wall x12 |
| 18:18 | CMD_El Primo · first_market_sell 100 wood |
| 19:00 | [_M_] Dave · wall_segment Palisade Wall x1 |
| 19:01 | [_M_] Dave · wall_segment Palisade Wall x1 |
| 19:10 | CMD_El Primo · first_market_buy 100 food |
| 19:25 | [Slowhand] Jose023 · wall_segment Palisade Wall x6 |
| 19:37 | Kurama · wall_segment Palisade Wall x6 |
| 19:48 | [_M_] S_Madro · first_building Archery Range |
| 20:03 | [_M_] S_Madro · wall_segment Stone Wall x1 |
| 20:04 | CMD_Joyasoft · wall_segment Palisade Wall x1 |
| 20:10 | [_M_] S_Madro · wall_segment Stone Wall x1 |
| 21:10 | Kurama · first_market_sell 100 wood |
| 21:13 | Kurama · first_market_buy 100 food |
| 21:37 | CMD_El Primo · age_up castle |
| 21:52 | CMD_El Primo · wall_segment Palisade Wall x1 |
| 21:54 | CMD_El Primo · wall_segment Palisade Wall x1 |
| 21:56 | CMD_El Primo · wall_segment Palisade Wall x1 |
| 21:59 | CMD_El Primo · wall_segment Palisade Wall x1 |
| 22:10 | CMD_El Primo · wall_segment Palisade Wall x1 |
| 22:19 | CMD_Papi Shulo 🌶 · wall_segment Palisade Wall x7 |
| 22:19 | CMD_negroterrazas · wall_segment Stone Wall x4 |
| 22:23 | CMD_negroterrazas · wall_segment Stone Wall x9 |
| 22:29 | [_M_] Dave · wall_segment Palisade Wall x6 |
| 22:42 | [_M_] S_Madro · first_market_sell 100 wood |
| 22:43 | [_M_] S_Madro · first_market_buy 100 food |
| 22:44 | CMD_El Primo · wall_segment Palisade Wall x1 |
| 23:36 | CMD_negroterrazas · age_up castle |
| 23:40 | [Slowhand] Jose023 · wall_segment Palisade Wall x23 |
| 23:49 | [_M_] Dave · wall_segment Palisade Wall x7 |
| 23:54 | [_M_] Dave · age_up castle |
| 24:05 | CMD_Joyasoft · wall_segment Palisade Wall x3 |
| 24:06 | CMD_El Primo · wall_segment Palisade Wall x1 |
| 24:17 | Kurama · age_up castle |
| 24:43 | Kurama · first_building Siege Workshop |
| 24:55 | [_M_] Dave · first_market_sell 100 food |
| 25:14 | CMD_Joyasoft · age_up castle |
| 25:22 | CMD_Joyasoft · first_building Siege Workshop |
| 25:41 | [Slowhand] Jose023 · first_market_buy 100 food |
| 26:03 | [_M_] S_Madro · age_up castle |
| 26:33 | [_M_] S_Madro · first_building Monastery |
| 26:53 | [_M_] S_Madro · wall_segment Stone Wall x1 |
| 26:54 | CMD_Papi Shulo 🌶 · first_building Stable |
| 27:38 | [_M_] S_Madro · wall_segment Stone Wall x1 |
| 27:55 | CMD_Papi Shulo 🌶 · first_market_buy 100 food |
| 28:09 | Kurama · first_building Monastery |
| 28:14 | CMD_El Primo · wall_segment Palisade Wall x1 |
| 28:32 | [Slowhand] Jose023 · age_up castle |
| 28:53 | CMD_negroterrazas · first_building Siege Workshop |
| 35:42 | CMD_Joyasoft · first_building Castle |
| 35:49 | Kurama · first_building Stable |
| 36:25 | Kurama · first_building Castle |
| 36:25 | [_M_] Dave · first_building Monastery |
| 36:42 | CMD_El Primo · first_building Castle |
| 36:46 | Kurama · age_up imperial |
| 37:23 | CMD_negroterrazas · wall_segment Stone Wall x3 |
| 37:44 | CMD_Papi Shulo 🌶 · age_up castle |
| 38:57 | [_M_] S_Madro · first_building Castle |
| 38:59 | [Slowhand] Jose023 · first_building Monastery |
| 39:21 | [_M_] Dave · first_market_buy 100 stone |
| 39:28 | [_M_] Dave · first_building Castle |
| 41:45 | CMD_El Primo · age_up imperial |
| 44:01 | [Slowhand] Jose023 · first_building Castle |
| 44:38 | CMD_negroterrazas · wall_segment Stone Wall x1 |
| 45:05 | [_M_] Dave · age_up imperial |
| 46:01 | CMD_negroterrazas · wall_segment Stone Wall x1 |
| 46:34 | CMD_Joyasoft · age_up imperial |
| 46:50 | CMD_negroterrazas · wall_segment Palisade Wall x1 |
| 48:38 | Kurama · tribute_sent a jugador 1 |
| 48:38 | Kurama · tribute_sent a jugador 2 |
| 48:38 | Kurama · tribute_sent a jugador 3 |
| 48:38 | Kurama · tribute_sent a jugador 5 |
| 48:38 | Kurama · tribute_sent a jugador 6 |
| 48:38 | Kurama · tribute_sent a jugador 7 |
| 48:38 | Kurama · tribute_sent a jugador 8 |
| 49:10 | CMD_Papi Shulo 🌶 · first_building Castle |
| 49:23 | [_M_] S_Madro · age_up imperial |
| 51:57 | CMD_Papi Shulo 🌶 · first_market_sell 100 wood |
| 52:28 | Kurama · tribute_sent a jugador 1 |
| 52:28 | Kurama · tribute_sent a jugador 2 |
| 52:28 | Kurama · tribute_sent a jugador 3 |
| 52:28 | Kurama · tribute_sent a jugador 5 |
| 52:28 | Kurama · tribute_sent a jugador 6 |
| 52:28 | Kurama · tribute_sent a jugador 7 |
| 52:28 | Kurama · tribute_sent a jugador 8 |
| 52:30 | CMD_Papi Shulo 🌶 · wall_segment Palisade Wall x1 |
| 53:35 | CMD_El Primo · first_building Archery Range |
| 54:32 | [Slowhand] Jose023 · wall_segment Palisade Wall x1 |
| 55:42 | CMD_negroterrazas · tribute_sent a jugador 1 |
| 55:42 | CMD_negroterrazas · tribute_sent a jugador 2 |
| 55:42 | CMD_negroterrazas · tribute_sent a jugador 3 |
| 55:42 | CMD_negroterrazas · tribute_sent a jugador 4 |
| 55:42 | CMD_negroterrazas · tribute_sent a jugador 5 |
| 55:42 | CMD_negroterrazas · tribute_sent a jugador 6 |
| 55:42 | CMD_negroterrazas · tribute_sent a jugador 8 |
| 61:27 | [Slowhand] Jose023 · age_up imperial |
| 61:44 | [Slowhand] Jose023 · first_market_sell 100 wood |
| 63:52 | CMD_Joyasoft · first_market_sell 100 stone |
| 65:32 | CMD_El Primo · resign |
[ AI ANALYSIS · 1 CREDIT ]
What really happened in this match?
Wolo.gg analyzes every decision: build order, eco, micro, common mistakes by bracket. Personalized analysis on WhatsApp or Discord in 30 seconds.
Civ guide
Muisca
Map guide
Arabia
Perfil
[Slowhand] Jose023